 Dungeon Crawl Stone Soup version 0.26-a0-652-gafc20e3620 (webtiles) character file.

Game seed: 7113847985511999102

613 Flugkiller the Ruffian (level 7, -4/71 HPs)
             Began as an Ogre Transmuter on Oct 1, 2020.
             Slain by a mummy (15 damage)
             ... in an ossuary.
             The game lasted 00:13:27 (2384 turns).

Flugkiller the Ruffian (Ogre Transmuter)            Turns: 2384, Time: 00:13:27

Health: -4/71      AC:  2    Str: 15    XL:     7   Next: 44%
Magic:  5/10       EV: 20    Int: 16    God:
Gold:   139        SH:  0    Dex: 14    Spells: 6/10 levels left

rFire    . . .     SeeInvis .     - Unarmed
rCold    . . .     Faith    .   (shield currently unavailable)
rNeg     . . .     Spirit   .   (armour currently unavailable)
rPois    x         Reflect  .   (helmet currently unavailable)
rElec    .         Harm     .   (cloak currently unavailable)
rCorr    .         Rampage  .   (gloves unavailable)
MR       .....                  (boots unavailable)
Stlth    +.........             (no amulet)
HPRegen  0.21/turn              (no ring)
MPRegen  0.12/turn              (no ring)

@: spider-form (expiring)
A: tiny, unfitting armour
a: End Transformation


You were in an ossuary.
You were a venomous arachnid creature.
You visited 1 branch of the dungeon, and saw 4 of its levels.
You also visited: Ossuary.

You collected 139 gold pieces.

Inventory:

Hand Weapons
 l - a +3 whip
   (You took it off an orc on level 4 of the Dungeon)
Missiles
 j - 19 poisoned darts (quivered)
Armour
 a - a +0 robe (melded)
 e - a scarf of resistance (melded)
   (You found it on level 1 of the Dungeon)
Wands
 n - a wand of iceblast (13)
   (You found it on level 2 of the Dungeon)
Scrolls
 h - a scroll of random uselessness {unknown}
 i - 2 scrolls of teleportation
 k - a scroll of blinking {unknown}
 m - a scroll of enchant weapon {unknown}
 p - a scroll of fog {unknown}
 q - a scroll of remove curse {unknown}
 r - a scroll of enchant armour {unknown}
Potions
 b - 2 potions of magic
 c - 2 potions of might
 d - a potion of mutation {unknown}
 f - a potion of degeneration {unknown}
 o - a potion of heal wounds
 s - a potion of berserk rage {unknown}


   Skills:
 + Level 4.5 Fighting
 + Level 3.0 Dodging
 * Level 4.8 Unarmed Combat
 - Level 2.4 Spellcasting
 - Level 4.5 Transmutations


You had 6 spell levels left.
You knew the following spells:

 Your Spells              Type           Power        Failure   Level
a - Beastly Appendage     Tmut           ###...       11%         1
c - Spider Form           Tmut/Pois      #.........   45%         3

Your spell library contained the following spells:

 Spells                   Type           Power        Failure   Level
 Wereblood                Tmut           ###.....     14%         2
 Magic Dart               Conj           #...         41%         1
 Blink                    Tloc           N/A          52%         2
 Call Imp                 Summ           #.......     52%         2
 Slow                     Hex            #.......     52%         2
 Conjure Flame            Conj/Fire      #.......     73%         3
 Mephitic Cloud           Conj/Pois/Air  #.......     73%         3
 Ice Form                 Ice/Tmut       #.......     80%         4
 Blade Hands              Tmut           ###.......   83%         5


Dungeon Overview and Level Annotations

Branches:
Dungeon (4/15)            Ossuary (1/1)
 Temple: D:4-7

Altars:
Dithmenos
Gozag
Nemelex Xobeh
Wu Jian
Xom


Innate Abilities, Weirdness & Mutations

You are too large for most types of armour.
((You have tough skin. (AC +1)))


Message History

The centaur zombie is destroyed!
Your Dodging skill increases to level 3!
An arrow hits the gnoll zombie!
You hit the scorpion.
The scorpion is severely wounded.
You hit the scorpion but do no damage.
The scorpion is poisoned.
The scorpion is severely wounded.
The scorpion closely misses you.
You hit the scorpion but do no damage.
The scorpion looks as sick as possible!
The scorpion is almost dead.
You kill the scorpion!
You bite the gnoll zombie!
You destroy the gnoll zombie!
An arrow hits the mummy!
The centaur zombie barely misses you.
The centaur zombie completely misses you.
There is an open door here.
You hit the centaur zombie.
The centaur zombie is lightly damaged.
The centaur zombie hits you.
* * * LOW HITPOINT WARNING * * *
An arrow hits the mummy!
You bite the centaur zombie!
The centaur zombie is moderately damaged.
The centaur zombie hits you but does no damage.
Your magical contamination has completely faded away.
You hit the centaur zombie.
The centaur zombie is heavily damaged.
The centaur zombie closely misses you.
An arrow hits the centaur zombie!
Unknown command.
You hit the mummy.
The mummy is heavily damaged.
You hit the mummy but do no damage.
The mummy is heavily damaged.
You hear a soft click.
Unknown command.
You hit the mummy.
The mummy is severely damaged.
Your transformation is almost over.
You hit the mummy.
The mummy is severely damaged.
The mummy hits you!
* * * LOW HITPOINT WARNING * * *
You completely miss the mummy.
The mummy is severely damaged.
Unknown command.
You hit the mummy but do no damage.
The mummy is severely damaged.
The mummy hits you!
You die...

s..#...#. ...8...'. ..
.Z.MZ.s# .s
#'###########8...8###'##
?!!#...#...#.......#...#
..Z#...8...#...8. #..?#
.?Z#.......#...# #M??#
#####8...8###'##########
^^^#.......#^^^#s..#^^^#
^^^'...8...#^^ZM...'^^^#
^^^#...#...#^^^#...#^^^#
#'#######'###########'##
...#...#^^^#.....#.....#
...8...#^^^'†....#.....#
.......#^^^#.....8.....#
#8...8######...........#
.......#...#...........#


You could see a mummy and a centaur zombie.

Vanquished Creatures
  4 scorpions (Ossuary)
  3 centaur zombies (Ossuary)
  2 human zombies (Ossuary)
  2 orc priests (D:4)
  A human skeleton (D:4)
  Jessica (D:2)
  A mummy (Ossuary)
  An adder (D:4)
  3 gnolls
  2 scorpion zombies (Ossuary)
  2 oozes
  4 orcs
  2 ball pythons
  9 bats
  3 giant cockroaches (D:2)
  5 goblins
  5 hobgoblins
  2 jackals (D:2)
  2 quokkas (D:2)
  5 frilled lizards
  A gnoll zombie (Ossuary)
  2 hobgoblin zombies (Ossuary)
  2 kobolds
  3 kobold zombies (Ossuary)
  2 orc skeletons (D:4)
  An orc zombie (Ossuary)
  7 rats
77 creatures vanquished.

Vanquished Creatures (others)
  A centaur zombie (Ossuary)
1 creature vanquished.

Grand Total: 78 creatures vanquished

Notes
Turn   | Place    | Note
-------+----------+-------------------------------------------
     0 | D:1      | Flugkiller the Ogre Transmuter began the quest for the Orb.
     0 | D:1      | Reached XP level 1. HP: 19/19 MP: 3/3
    62 | D:1      | Reached XP level 2. HP: 14/28 MP: 3/5
   362 | D:2      | Reached XP level 3. HP: 31/36 MP: 4/6
   638 | D:2      | Found a faded altar of an unknown god.
   638 | D:2      | Found an opulent altar of Gozag.
   643 | D:2      | Found a shadowy altar of Dithmenos.
   645 | D:2      | Found an ornate altar of the Wu Jian Council.
   646 | D:2      | Found a shimmering altar of Xom.
   776 | D:2      | Noticed Jessica
   784 | D:2      | Killed Jessica
   784 | D:2      | Reached XP level 4. HP: 41/44 MP: 5/7
   939 | D:3      | Noticed a phantom
  1018 | D:2      | Learned a level 3 spell: Spider Form
  1035 | D:2      | Found a sparkling altar of Nemelex Xobeh.
  1298 | D:4      | HP: 2/44 [gnoll/+0 spear (7)]
  1474 | D:4      | Reached XP level 5. HP: 23/52 MP: 8/8
  1649 | D:4      | Found a sand-covered staircase.
  1699 | Ossuary  | Entered an ossuary
  1764 | Ossuary  | Reached XP level 6. HP: 19/61 MP: 3/9
  2140 | Ossuary  | HP: 1/62 [centaur zombie (5)]
  2220 | Ossuary  | Reached XP level 7. HP: 23/70 MP: 10/10
  2384 | Ossuary  | Slain by a mummy

Illustrated notes

Levels and vault maps discovered:
D:1:      roderic_octagonal_star, layout_basic
D:2:      lemuel_upstairs_altar, layout_loops_corners,
          nemelex_xobeh_ov_fountains_minmay,
          chequers_temple_overflow_minitemple, kennysheep_jessica_study,
          uniq_jessica
D:3:      layout_loops_cross, gammafunk_ghost_grave
D:4:      layout_gridville, nicolae_ossuary_entry_catacombs,
          minmay_a_box_with_orc_wizards_in_it, uniq_blork_the_orc
Ossuary:  ossuary_minmay_scorpions

Skill      XL: |  1  2  3  4  5  6  7 |
---------------+----------------------+-----
Fighting       | 2 3 4 |  4.5
Unarmed Combat | 3 4 |  4.8
Transmutations | 3 4 |  4.5
Dodging        | 2 3 |  3.0
Spellcasting   | |  2.4

Action                   |  1- 3 |  4- 6 |  7- 9 || total
-------------------------+-------+-------+-------++-------
Melee: Unarmed           |   122 |   185 |    28 ||   335
       Kick              |    10 |     6 |       ||    16
       Headbutt          |     6 |     4 |       ||    10
       Punch             |     1 |       |       ||     1
 Cast: Beastly Appendage |    16 |     7 |       ||    23
       Spider Form       |       |    10 |     3 ||    13
 Abil: End Transformatio |       |     1 |       ||     1
Evoke: Wand              |       |     4 |     3 ||     7
  Use: Scroll            |       |     3 |     1 ||     4
       Potion            |       |     4 |       ||     4
Armor: Robe              |    34 |    21 |     2 ||    57
       Skin              |       |    10 |     3 ||    13
Dodge: Dodged            |    77 |   121 |    15 ||   213

Table legend: (Time is in decaauts)
 A = Elapsed time spent in this place.
 B = Non-inter-level travel time spent in this place.
 C = Inter-level travel time spent in this place.
 D = Time resting spent in this place.
 E = Time spent auto-exploring this place.
 F = Levels seen in this place.
 G = Mean time per level.
                   A        B        C        D        E       F      G
               +--------+--------+--------+--------+--------+-----+--------+
         Total |   2537 |   2537 |      0 |      0 |      0 |   5 |  507.4 |
       Dungeon |   1731 |   1731 |      0 |      0 |      0 |   4 |  432.8 |
       Ossuary |    806 |    806 |      0 |      0 |      0 |   1 |  806.0 |
               +--------+--------+--------+--------+--------+-----+--------+

Top non-repeatable levels by time:
 Ossuary: 806 daAuts
     D:2: 785 daAuts
     D:4: 484 daAuts
     D:1: 345 daAuts
     D:3: 114 daAuts
